 Dungeon Crawl Stone Soup version 0.24.0-10-g970556be89 (console) character file.

Game seed: 332551891408480874, levelgen mode: deterministic

28 AlterAsc the Insei (level 3, 0/20 HPs)
             Began as a Tengu Transmuter on Nov 3, 2019.
             Slain by a gnoll (9 damage)
             ... on level 1 of the Dungeon.
             The game lasted 00:01:38 (706 turns).

AlterAsc the Insei (Tengu Transmuter)                Turns: 706, Time: 00:01:39

Health: 0/20       AC:  2    Str: 11    XL:     3   Next: 14%
Magic:  6/7        EV: 13    Int: 13    God:
Gold:   12         SH:  0    Dex: 18    Spells: 5/6 levels left

rFire    . . .     SeeInvis .     - Unarmed
rCold    . . .     Gourm    .   (no shield)
rNeg     . . .     Faith    .   b - +0 robe
rPois    .         Spirit   .   (helmet restricted)
rElec    .         Reflect  .   (no cloak)
rCorr    .         Harm     .   (no gloves)
MR       .....                  (boots unavailable)
Stlth    ++........             (no amulet)
HPRegen  0.06/turn              f - +4 ring of dexterity
MPRegen  0.10/turn              (no ring)

@: appendage, very slightly contaminated
A: beak, horns 2, talons 3
a: End Transformation


You were on level 1 of the Dungeon.
You were not hungry.
You had grown temporary horns.
You visited 1 branch of the dungeon, and saw 1 of its levels.

You collected 12 gold pieces.

Inventory:

Missiles
 a - 12 arrows
Armour
 b - a +0 robe (worn)
Jewellery
 f - a +4 ring of dexterity (left hand)
Scrolls
 e - a scroll of magic mapping {unknown}
Comestibles
 c - 10 chunks of flesh
 d - 2 rations


   Skills:
 + Level 1.3 Fighting
 + Level 2.4 Dodging
 * Level 3.6 Unarmed Combat
 * Level 2.4 Spellcasting
 * Level 1.9 Transmutations


You had 5 spell levels left.
You knew the following spells:

 Your Spells              Type           Power        Failure   Level  Hunger
a - Beastly Appendage     Tmut           #.....       11%         1    #......

Your spell library contained the following spells:

 Spells                   Type           Power        Failure   Level  Hunger
 Sticks to Snakes         Tmut           #.......     17%         2    ###....
 Spider Form              Tmut/Pois      #.........   43%         3    ###....
 Ice Form                 Ice/Tmut       #.......     85%         4    #####..
 Blade Hands              Tmut           #.........   97%         5    ######.


Dungeon Overview and Level Annotations

Branches:
Dungeon (1/15)

Altars:


Innate Abilities, Weirdness & Mutations

You have a beak for a mouth.
You have claws for feet.
You have a pair of horns on your head.


Message History

You hit the gnoll but do no damage. You claw the gnoll.
The gnoll is moderately wounded.
The gnoll hits you but does no damage.
You closely miss the gnoll.
The gnoll is moderately wounded.
The gnoll closely misses you.
You barely miss the gnoll. Your kick misses the gnoll.
The gnoll is moderately wounded.
The gnoll hits you.
You hit the gnoll. You claw the gnoll.
The gnoll is almost dead.
The gnoll hits you.
A dart slug comes into view.
You hit the gnoll but do no damage. You peck the gnoll, but do no damage.
The gnoll is almost dead.
The gnoll barely misses you.
Casting: Beastly Appendage (safe; 11% risk of failure)
Confirm with . or Enter, or press ? or * to list all spells.
You grow a pair of large bovine horns.
The gnoll hits you!
You die...

#......#............##.#
#......#.#....#...#.##.##
#......#.#.............##
#########.........#......
# ###.###....#...###
#.#..........#.#.###
#####.#..........#.#....
#.............#.##......
#####..@...####.........
#......g........####...#
#.#####r#.#####.+.##....
.....# #.#.##.... ......#
#.#.###.## ......# #.#.#
#.#. ......# #.#.###.#.
#...w.. #.'.<##.#.
###.###.#.


You could see a gnoll, a dart slug and a rat.

Vanquished Creatures
  2 dart slugs (D:1)
  7 bats (D:1)
  4 giant cockroaches (D:1)
  A goblin (D:1)
  2 hobgoblins (D:1)
  4 kobolds (D:1)
  A frilled lizard (D:1)
  3 rats (D:1)
24 creatures vanquished.

Notes
Turn   | Place    | Note
-------+----------+-------------------------------------------
     0 | D:1      | AlterAsc the Tengu Transmuter began the quest for the Orb.
     0 | D:1      | Reached XP level 1. HP: 12/12 MP: 4/4
   121 | D:1      | Reached XP level 2. HP: 3/16 MP: 6/6
   592 | D:1      | Reached XP level 3. HP: 20/20 MP: 7/7
   706 | D:1      | Slain by a gnoll

Levels and vault maps discovered:
D:1:      minmay_arrival_three_doors, layout_basic

Action                   || total
-------------------------++-------
Melee: Unarmed           ||    61
       Kick              ||    11
       Headbutt          ||     4
       Peck              ||     4
       Punch             ||     1
 Cast: Beastly Appendage ||    12
Armor: Robe              ||    15
Dodge: Dodged            ||    29
